 Dungeon Crawl Stone Soup version 0.29-a0-821-g66395355a5 (console) character file.

Game seed: 16599048368895707057

151 om the Chopper (level 5, 0/69 HPs)
             Began as a Minotaur Berserker on July 7, 2022.
             Was a Believer of Trog.
             Slain by an orc wizard
             ... wielding a +0 dagger
              (3 damage)
             ... on level 3 of the Dungeon.
             The game lasted 00:08:29 (2119 turns).

om the Chopper (Minotaur Berserker)                 Turns: 2119, Time: 00:08:30

Health: 0/69       AC:  2    Str: 24    XL:     5   Next: 11%
Magic:  4/4        EV: 12    Int:  4    God:    Trog [**....]
Gold:   67         SH:  0    Dex:  9    Spells: 4/4 levels left

rFire   . . .      SeeInvis .   i - +0 war axe
rCold   . . .      Faith    .   (no shield)
rNeg    . . .      Spirit   .   b - +0 animal skin
rPois   .          Reflect  .   (helmet restricted)
rElec   .          Harm     .   (no cloak)
rCorr   .          Rampage  .   (no gloves)
Will    .....                   (no boots)
Stlth   ..........              (no amulet)
HPRegen 0.21/turn               (no ring)
MPRegen 0.09/turn               (no ring)

@: berserking, very quick
A: horns 2, retaliatory headbutt
a: Renounce Religion, Berserk, Trog's Hand


You were on level 3 of the Dungeon.
You worshipped Trog.
Trog was pleased with you.
You visited 1 branch of the dungeon, and saw 3 of its levels.

You collected 67 gold pieces.

Inventory:

Hand Weapons
 a - a +0 hand axe
 i - a +0 war axe (weapon)
Armour
 b - a +0 animal skin (worn)
Wands
 h - a wand of charming (10)
Scrolls
 c - 2 scrolls of magic mapping {unknown}
 e - a scroll of identify {unknown}
 g - a scroll of enchant weapon {unknown}
 l - a scroll of enchant armour {unknown}
Potions
 d - a potion of curing {unknown}
 f - 3 potions of flight {unknown}
 j - a potion of cancellation {unknown}
 k - a potion of haste {unknown}
 m - 2 potions of brilliance {unknown}


   Skills:
 - Level 4.0 Fighting
 * Level 5.8 Axes
 - Level 3.0 Armour
 + Level 3.5 Dodging


You had 4 spell levels left.
You didn't know any spells.
Your spell library was empty.

Dungeon Overview and Level Annotations

Branches:
Dungeon (3/15)

Altars:
Dithmenos

Shops:
D:2 :


Innate Abilities, Weirdness & Mutations

You have a pair of horns on your head.
You reflexively headbutt those who attack you in melee.


Message History

The orc hits you with a +0 whip.
You barely miss the orc. You headbutt the orc.
You kill the orc!
Trog accepts your kill.
An orc wizard comes into view. It is wielding a +0 dagger.
You hit the orc. Your headbutt misses the orc.
The orc is heavily wounded.
The orc wizard mumbles some strange words.
The orc wizard flickers and vanishes!
Deactivating autopickup; reactivate with Ctrl-A.
The orc hits you with a +0 hand axe.
You barely miss the orc.
The orc is heavily wounded.
You barely miss the orc. The orc hits you with a +0 hand axe!
The orc hits you with a +0 short sword.
You closely miss the orc. You headbutt the orc.
You kill the orc!
Trog accepts your kill.
You barely miss the orc. You miss something. You hit the orc but do no damage.
The orc hits you with a +0 short sword.
You hear some strange, mumbled words.
Something tries to affect you, but you resist.
You are too injured to fight recklessly!
You are too injured to fight recklessly!
You barely miss the orc. You miss something.
The orc hits you with a +0 short sword.
You hear some strange, mumbled words.
A magic dart appears from out of thin air!
The magic dart hits you.
You slash the orc!
You kill the orc!
Trog accepts your kill.
You miss something. Something hits you.
* * * LOW HITPOINT WARNING * * *
You hear some strange, mumbled words.
A puff of flame appears from out of thin air!
The puff of flame hits you!
* * * LOW HITPOINT WARNING * * *
Okay, then.
A red film seems to cover your vision as you go berserk!
You feel yourself moving faster!
You feel mighty! Something hits you.
You die...

##.#####.#
#.# #.
#.......#
#.# ##
#..######
#.# ##.#
#. #####.#
#. #.....#
##....#
#.#..#
#.##..#
###...#
#..#@)#
#.###{# #.
..# # .#
.# .# .#
.#


There were no monsters in sight!

Vanquished Creatures
  An orc priest (D:3)
  An orc wizard (D:3)
  3 adders
  2 worms (D:2)
  2 dart slugs (D:1)
  6 orcs (D:3)
  11 ball pythons
  5 endoplasms
  A giant cockroach (D:2)
  5 goblins
  3 hobgoblins
  2 quokkas
  6 bats
  3 frilled lizards (D:1)
  3 kobolds
  3 rats
57 creatures vanquished.

Notes
Turn   | Place    | Note
-------+----------+-------------------------------------------
     0 | D:1      | om the Minotaur Berserker began the quest for the Orb.
     0 | D:1      | Reached XP level 1. HP: 19/19 MP: 0/0
   176 | D:1      | Found a faded altar of an unknown god.
   179 | D:1      | Reached XP level 2. HP: 27/27 MP: 1/1
   182 | D:1      | Reached skill level 4 in Axes
   782 | D:2      | Reached ** piety under Trog
   783 | D:2      | Reached XP level 3. HP: 33/33 MP: 2/2
   853 | D:2      | Found a shadowy altar of Dithmenos.
   864 | D:2      | Found Ogiecwoh's Book Shoppe.
  1540 | D:2      | Reached skill level 5 in Axes
  1540 | D:2      | Reached XP level 4. HP: 28/40 MP: 3/3
  2040 | D:3      | Reached XP level 5. HP: 46/46 MP: 4/4
  2118 | D:3      | HP: 1/46 [something/puff of flame (11)]
  2119 | D:3      | Slain by an orc wizard

Illustrated notes

Levels and vault maps discovered:
D:1:      kilobyte_arrival_exit_the_forest, layout_basic,
          shapermc_ecumenical_altar_starsandcircs
D:2:      cheibrodos_helix_gallery, layout_basic, basic_altar, serial_shops,
          shop
D:3:      layout_loops_corners, minmay_misc_feat_rugged

Skill      XL: |  1  2  3 |
---------------+----------+-----
Axes           | 4 5 |  5.8
Fighting       | 4 |  4.0
Armour         | 3 |  3.0
Dodging        | 3 |  3.5

Action                   |  1- 3 |  4- 6 || total
-------------------------+-------+-------++-------
Melee: Hand axe          |    35 |       ||    35
       Headbutt          |     8 |     5 ||    13
       War axe           |    30 |    24 ||    54
Invok: Berserk           |       |     2 ||     2
Armor: Animal skin       |    15 |     1 ||    16
Dodge: Dodged            |    71 |     8 ||    79

Table legend: (Time is in decaauts)
 A = Elapsed time spent in this place.
 B = Non-inter-level travel time spent in this place.
 C = Inter-level travel time spent in this place.
 D = Time resting spent in this place.
 E = Time spent auto-exploring this place.
 F = Levels seen in this place.
 G = Mean time per level.
                   A        B        C        D        E       F      G
               +--------+--------+--------+--------+--------+-----+--------+
         Total |   2145 |   2064 |     81 |    371 |   1345 |   3 |  715.0 |
       Dungeon |   2145 |   2064 |     81 |    371 |   1345 |   3 |  715.0 |
               +--------+--------+--------+--------+--------+-----+--------+

Top non-repeatable levels by time:
     D:2: 1199 daAuts
     D:1: 745 daAuts
     D:3: 200 daAuts
